 Dungeon Crawl Stone Soup version 0.31.0-11-ge490571c62 (webtiles) character file.

Game seed: 3775740792344841488

131 qw the Skirmisher (level 4, -6/25 HPs)
             Began as a Deep Elf Hunter on Feb 4, 2024.
             Killed by divine providence
             ... invoked by an orc priest
              (14 damage)
             ... on level 3 of the Dungeon.
             The game lasted 00:00:08 (1848 turns).

qw the Skirmisher (Deep Elf Hunter)                 Turns: 1848, Time: 00:00:09

Health: -6/25      AC:  6    Str: 10    XL:     4   Next: 91%
Magic:  6/6        EV:  9    Int: 14    God:
Gold:   8          SH:  0    Dex: 18    Spells: 3/3 levels left

rFire   . . .        a - +1 shortbow
rCold   . . .        (shield currently unavailable)
rNeg    . . .        g - +0 scale mail
rPois   .            (no helmet)
rElec   .            (no cloak)
rCorr   .            (no gloves)
SInv    .            (no boots)
Will    .....        (no amulet)
Stlth   +            (no ring)
HPRegen 0.24/turn    (no ring)
MPRegen 0.10/turn

%: no passive effects
@: no status effects
A: no striking features
a: no special abilities


You were on level 3 of the Dungeon.
You visited 1 branch of the dungeon, and saw 3 of its levels.

You collected 74 gold pieces.
You spent 66 gold pieces at shops.


   Skills:
 - Level 1.5 Fighting
 + Level 8.3 Ranged Weapons
 - Level 2.4 Dodging
 - Level 1.2 Stealth


You had 3 spell levels left.
You didn't know any spells.
Your spell library was empty.

Inventory:

Hand Weapons
 a - a +1 shortbow (weapon)
Armour
 c - a +0 helmet
 f - a +0 troll leather armour
 g - a +0 scale mail (worn)
Scrolls
 d - 3 scrolls of teleportation
 e - 4 scrolls of identify
Potions
 b - a potion of heal wounds
 i - a potion of might

Dungeon Overview and Level Annotations

Branches:
Dungeon (3/15)

Altars:
Cheibriados
Nemelex Xobeh
Sif Muna
Uskayaw

Shops:
D:1 =   D:3 ?


Message History

The orc priest invokes the aid of Beogh against you.
Beogh smites you!
Ouch! That really hurt!
You shoot an arrow. The arrow hits the orc priest.
The orc priest is moderately wounded.
An orc wizard comes into view. It is wielding a +0 dagger.
The orc priest hits you but does no damage.
An orc comes into view.
It is wielding a +2 flail of protection.
You shoot an arrow.
The arrow completely misses the orc priest.
The orc priest barely misses you.
You shoot an arrow.
The arrow hits the orc priest but does no damage.
The orc priest is moderately wounded.
The orc priest hits you but does no damage.
The orc wizard casts a spell.
The orc wizard flickers and vanishes!
Deactivating autopickup; reactivate with Ctrl-A.
You hear a loud squeak.
You shoot an arrow.
The arrow closely misses the orc priest.
The orc priest barely misses you. The orc barely misses you.
You shoot an arrow.
The arrow hits the orc priest but does no damage.
The orc priest is moderately wounded.
A rat comes into view.
The orc priest invokes the aid of Beogh against you.
You barely resist. The orc barely misses you.
The orc hits you but does no damage.
The orc priest hits you but does no damage.
You shoot an arrow. The arrow barely misses the orc priest.
The orc priest barely misses you.
The orc hits you with a +2 flail of protection.
You shoot an arrow. The arrow barely misses the orc priest.
The orc priest hits you but does no damage.
The orc hits you with a +2 flail of protection.
The orc priest invokes the aid of Beogh against you.
Beogh smites you!
Ouch! That really hurt!
You die...

############# #...........#
#.#########.# ##.#### ##.##
#.....#####...########
#..##...........%.....
.######.r########.....######
........{ooo# ##..........
####.##.###@# #....###### ##
#.##.# #.# #...####### #.#
#.##.# #.# #.####.....
#.###.##.# #.######.# #%##..
#....!..# #....>...# #.##.#
##.#.#### ########.# #.##.#
. ##.....# #.####.##.# #
#..._..# #.#....##.# #
##...8_.# #.#.#.<....


You could see 2 orc priests, an orc and a rat.

Vanquished Creatures
  Robin (D:3)
  5 adders
  A dart slug (D:1)
  An orc (D:3)
  5 endoplasms
  6 giant cockroaches
  13 goblins
  8 hobgoblins
  5 jackals
  3 quokkas
  5 ball pythons
  5 bats
  4 frilled lizards
  2 kobolds (D:1)
  5 rats
69 creatures vanquished.

Notes
Turn   | Place    | Note
-------+----------+-------------------------------------------
     0 | D:1      | qw the Deep Elf Hunter began the quest for the Orb.
     0 | D:1      | Reached XP level 1. HP: 12/12 MP: 3/3
     0 | D:1      | 0 ||| qw: Version: 0.3-a-160-g6735b56
     0 | D:1      | 0 ||| qw: Game counter: 4341
     0 | D:1      | 0 ||| qw: Melee chars always use a shield: true
     0 | D:1      | 0 ||| qw: God list: Okawaru
     0 | D:1      | 0 ||| qw: Allow faded altars: false
     0 | D:1      | 0 ||| qw: Do Orc after clearing Dungeon:15 true
     0 | D:1      | 0 ||| qw: Do second Lair branch before Depths: true
     0 | D:1      | 0 ||| qw: Lair rune preference: random
     0 | D:1      | 0 ||| qw: Goals: Normal
     0 | D:1      | 0 ||| PLANNING D:1-11
    82 | D:1      | Reached XP level 2. HP: 16/16 MP: 4/4
   140 | D:1      | Reached skill level 6 in Ranged Weapons
   158 | D:1      | Found Merumno's Jewellery Shoppe.
   164 | D:1      | 164 ||| SHOPLISTING amulet of guardian spirit (300 gold,
                  | have 17).
   164 | D:1      | 164 ||| SHOPLISTING amulet of regeneration (300 gold, have
                  | 17).
   164 | D:1      | 164 ||| SHOPLISTING ring of poison resistance (200 gold,
                  | have 17).
   164 | D:1      | 164 ||| SHOPLISTING ring of resist corrosion (200 gold,
                  | have 17).
   347 | D:1      | Reached XP level 3. HP: 20/20 MP: 5/5
   604 | D:1      | 604 ||| READING scroll labelled WULACK VUPLIDA.
   609 | D:1      | 609 ||| READING 3 scrolls labelled YZESMY OCAGUA.
   610 | D:1      | 610 ||| READING scroll labelled VERPHOS DOUDDYRGHIST.
   611 | D:1      | 611 ||| READING scroll labelled CARIAL MEAST.
   611 | D:1      | 611 ||| IDENTIFYING viscous clear potion
   612 | D:1      | 612 ||| DROPPING scroll of butterflies.
   613 | D:1      | 613 ||| DROPPING 2 scrolls of fear.
   614 | D:1      | 614 ||| DROPPING potion of ambrosia.
   644 | D:2      | Reached skill level 7 in Ranged Weapons
   750 | D:2      | Reached XP level 4. HP: 15/25 MP: 6/6
   904 | D:2      | Found a faded altar of an unknown god.
  1247 | D:2      | 1247 ||| UPGRADING to +0 scale mail.
  1257 | D:2      | 1257 ||| DROPPING +0 leather armour.
  1258 | D:2      | 1258 ||| READING 3 scrolls of identify.
  1258 | D:2      | 1258 ||| IDENTIFYING sedimented pink potion
  1259 | D:2      | 1259 ||| READING 2 scrolls of identify.
  1259 | D:2      | 1259 ||| IDENTIFYING sedimented clear potion
  1260 | D:2      | 1260 ||| READING scroll of identify.
  1260 | D:2      | 1260 ||| IDENTIFYING smoky blue potion
  1261 | D:2      | 1261 ||| READING scroll labelled EPNIPI KOGORCHU.
  1362 | D:2      | 1362 ||| READING scroll labelled AGIPLO MOPPIUL.
  1362 | D:2      | 1362 ||| ENCHANTING +0 shortbow.
  1363 | D:2      | 1363 ||| READING scroll labelled JOTURI LALESUMEVI.
  1364 | D:2      | 1364 ||| DROPPING potion of brilliance.
  1376 | D:3      | Noticed Robin
  1378 | D:3      | 1378 ||| STAIRDANCE
  1421 | D:3      | 1421 ||| STAIRDANCE
  1441 | D:3      | 1441 ||| STAIRDANCE
  1516 | D:3      | 1516 ||| STAIRDANCE
  1584 | D:3      | 1584 ||| STAIRDANCE
  1604 | D:3      | 1604 ||| STAIRDANCE
  1625 | D:3      | 1625 ||| STAIRDANCE
  1645 | D:3      | Killed Robin
  1646 | D:3      | Reached skill level 8 in Ranged Weapons
  1685 | D:3      | Found a hide-covered altar of Uskayaw.
  1693 | D:3      | Found a snail-covered altar of Cheibriados.
  1694 | D:3      | Found a sparkling altar of Nemelex Xobeh.
  1695 | D:3      | Found a shimmering blue altar of Sif Muna.
  1819 | D:3      | Found Mucsuk's Magic Scroll Boutique.
  1823 | D:3      | 1823 ||| SHOPLISTING scroll of brand weapon (104 gold, have
                  | 74).
  1823 | D:3      | 1823 ||| BUYING scroll of identify (22 gold).
  1823 | D:3      | Bought a scroll of identify for 22 gold pieces
  1823 | D:3      | 1823 ||| BUYING scroll of identify (22 gold).
  1823 | D:3      | Bought a scroll of identify for 22 gold pieces
  1823 | D:3      | 1823 ||| BUYING scroll of identify (22 gold).
  1823 | D:3      | Bought a scroll of identify for 22 gold pieces
  1823 | D:3      | 1823 ||| SHOPLISTING scroll of teleportation (33 gold, have
                  | 8).
  1848 | D:3      | Killed from afar by an orc priest

Levels and vault maps discovered:
D:1:      shiori_arrival_oz, layout_loops_ring, serial_shops,
          nicolae_shop_advertising_works [nicolae_subvault_shop_adworks]
D:2:      layout_loops_cross, shapermc_ecumenical_altar_acropolis
D:3:      layout_loops_ring, nicolae_uskayaw_suspiria,
          chequers_temple_overflow_statue_of_worship, serial_shops,
          nicolae_shop_crystal, uniq_robin

Skill      XL: |  1  2  3  4 |
---------------+-------------+-----
Ranged Weapons | 6 7 8 |  8.3
Fighting       | |  1.5
Dodging        | |  2.4
Stealth        | |  1.2

Action                     |  1- 3 |  4- 6 || total
---------------------------+-------+-------++-------
   Fire: Shortbow          |    80 |    96 ||   176
    Use: Scroll            |     4 |     6 ||    10
 Armour: Leather armour    |     7 |     6 ||    13
         Scale mail        |       |    64 ||    64
  Dodge: Dodged            |    18 |    44 ||    62

Table legend:
 A = Non-vault XP
 B = Vault XP
 C = Vault XP percentage of total XP
 D = Non-vault monster count
 E = Vault monster count
 F = Vault count percentage of total count
                 A         B        C        D         E       F
            +---------+---------+-------+---------+---------+-------
      Total |     151 |      37 |  19.7 |      56 |      13 |  18.8
            +---------+---------+-------+---------+---------+-------
        D:1 |      49 |       4 |   7.5 |      29 |       2 |   6.5
        D:2 |      64 |      16 |  20.0 |      18 |       9 |  33.3
        D:3 |      38 |      17 |  30.9 |       9 |       2 |  18.2
            +---------+---------+-------+---------+---------+-------
